 Dungeon Crawl Stone Soup version 0.26-a0-259-g1effd001a9 (webtiles) character file.

Game seed: 6377858430173892514

572 vurker the Gusty (level 7, 0/57 HPs)
             Began as a Grey Draconian Air Elementalist on July 15, 2020.
             Killed from afar by an orc wizard (4 damage)
             ... with a magic dart
             ... on level 5 of the Dungeon.
             The game lasted 00:04:51 (5743 turns).

vurker the Gusty (Grey Draconian Air Elementalist)  Turns: 5743, Time: 00:04:51

Health: 0/57       AC: 13    Str: 17    XL:     7   Next: 12%
Magic:  1/14       EV: 12    Int: 17    God:
Gold:   277        SH:  0    Dex: 11    Spells: 10/15 levels left

rFire    . . .     SeeInvis .   b - +0 whip
rCold    . . .     Faith    .   (no shield)
rNeg     . . .     Spirit   .   (armour unavailable)
rPois    .         Reflect  .   (helmet restricted)
rElec    .         Harm     .   c - +0 cloak
rCorr    .                      q - +0 pair of gloves
MR       +....                  (no boots)
Stlth    ++........             (no amulet)
HPRegen  0.19/turn              f - ring of protection from magic
MPRegen  0.14/turn              h - +6 ring of strength

@: no status effects
A: walk through water, unfitting armour, unbreathing, cold-blooded, AC +11
a: no special abilities


You were on level 5 of the Dungeon.
You were not hungry.

You visited 1 branch of the dungeon, and saw 5 of its levels.

You collected 277 gold pieces.

Inventory:

Hand Weapons
 b - a +0 whip (weapon)
   (You took it off a kobold on level 1 of the Dungeon)
Armour
 c - a +0 cloak (worn)
   (You found it on level 1 of the Dungeon)
 q - a +0 pair of gloves (worn)
   (You found it on level 4 of the Dungeon)
Jewellery
 f - a ring of protection from magic (left hand)
   (You found it on level 1 of the Dungeon)
 h - a +6 ring of strength (right hand)
   (You found it on level 2 of the Dungeon)
Scrolls
 a - 5 scrolls of identify {unknown}
 d - 4 scrolls of teleportation {unknown}
 g - 3 scrolls of magic mapping {unknown}
 k - 2 scrolls of remove curse {unknown}
 o - a scroll of blinking {unknown}
 p - a scroll of amnesia {unknown}
 r - a scroll of enchant weapon {unknown}
Potions
 i - 3 potions of flight {unknown}
 j - 3 potions of curing {unknown}
 l - a potion of brilliance {unknown}
 m - a potion of mutation {unknown}
 n - 2 potions of heal wounds {unknown}
 s - a potion of invisibility {unknown}
Comestibles
 e - 7 rations


   Skills:
 + Level 3.3 Fighting
 - Level 1.7 Dodging
 - Level 1.7 Stealth
 * Level 4.7 Spellcasting
 - Level 1.0 Conjurations
 * Level 4.7 Air Magic


You had 10 spell levels left.
You knew the following spells:

 Your Spells              Type           Power        Failure   Level
a - Shock                 Conj/Air       ##..         4%          1
c - Airstrike             Air            ###.......   21%         4

Your spell library contained the following spells:

 Spells                   Type           Power        Failure   Level
 Swiftness                Chrm/Air       ##......     9%          2
 Static Discharge         Conj/Air       ##......     14%         3
 Lightning Bolt           Conj/Air       ##........   77%         5


Dungeon Overview and Level Annotations

Branches:
Dungeon (5/15)
 Temple: D:4-7

Altars:
Fedhas
Yredelemnul
Zin
The Shining One


Innate Abilities, Weirdness & Mutations

You can walk through water.
Your dull iron-grey scales are very hard. (AC +11)
You cannot fit into any form of body armour.
You can survive without breathing.
You are cold-blooded and may be slowed by cold attacks.


Message History

The puff of frost misses you.
Items here: )) [[ † a +0 trident; a +0 leather armour; a +0 dagger; a +0 robe; an orc corpse
Aim: an orc wizard, wielding a +0 dagger and wearing a +0 robe (lightly wounded)
The zap hits the orc wizard. x2; The zap hits the orc.
The orc wizard hits you but does no damage.
The orc wizard closely misses you.
Aim: an orc wizard, wielding a +0 dagger and wearing a +0 robe (lightly wounded)
The zap misses the orc wizard.
The zap hits the orc wizard.
The zap hits the orc.
The orc wizard hits you with a +0 dagger.
* * * LOW HITPOINT WARNING * * *
You closely miss the orc wizard.
Your tail-slap misses the orc wizard.
The orc wizard hits you but does no damage.
The orc wizard casts a spell.
The orc wizard blinks!
The orc wizard hits you but does no damage.
You hit the orc wizard.
Your tail-slap misses the orc wizard.
The orc wizard hits you with a +0 dagger.
* * * LOW HITPOINT WARNING * * *
The orc wizard casts a spell at you. The puff of flame misses you.
The puff of flame hits the orc wizard.
The orc wizard completely misses you. The orc wizard completely misses you.
Aim: an orc wizard, wielding a +0 dagger and wearing a +0 robe (severely wounded)
The zap misses the orc wizard.
The zap hits the orc.
You kill the orc!
The zap misses the orc wizard.
The orc wizard casts a spell at you. The puff of flame hits you!
* * * LOW HITPOINT WARNING * * *
The orc wizard hits you but does no damage.
You barely miss the orc wizard. You tail-slap the orc wizard.
The orc wizard hits you but does no damage.
The orc wizard casts a spell.
The orc wizard blinks!
You hit the orc wizard but do no damage.
Your tail-slap misses the orc wizard.
The orc wizard barely misses you.
The orc wizard begins to cast a cantrip, but forgets the words!
You whack the orc wizard!
You kill the orc wizard!
The orc wizard casts a spell.
The orc wizard seems to speed up.
Things that are here:
a +0 dagger; a +0 robe; an orc corpse
Things that are here:
a +0 club; a cursed +0 leather armour; 19 gold pieces The orc wizard points at you and mumbles some strange words.
The magic dart hits you.
You die...

#..#####.# ####.<......#
.....(....#.# #
#####.###.#.# .#
###.#.....# ######..#.
###...#.....# #.........
............####.....))#
.#...##......o))......?#
#.....#.....####@#######
..........### #.#
.......#### #.# .......#
#.# .......# #.#
.......# #.. .......#
#.# .......# #[#
.......### ##....##


You could see an orc wizard (fast).

Vanquished Creatures
  A phantom (D:4)
  An iguana (D:4)
  5 orc wizards
  4 worker ants
  4 gnolls
  6 adders
  2 ufetubi (D:5)
  3 oozes
  4 worms
  4 dart slugs
  4 leopard geckos
  8 orcs
  2 ball pythons
  6 giant cockroaches
  5 goblins
  8 hobgoblins
  4 jackals (D:4)
  A quokka (D:2)
  11 bats
  4 frilled lizards
  8 kobolds
  8 rats
  A spectral orc (D:2)
104 creatures vanquished.

Notes
Turn   | Place    | Note
-------+----------+-------------------------------------------
     0 | D:1      | vurker the Draconian Air Elementalist began the quest for
                  | the Orb.
     0 | D:1      | Reached XP level 1. HP: 14/14 MP: 3/3
   253 | D:1      | Reached XP level 2. HP: 22/22 MP: 3/5
   464 | D:1      | Reached skill level 1 in Fighting
   683 | D:1      | Reached XP level 3. HP: 28/28 MP: 1/6
  1779 | D:2      | Reached XP level 4. HP: 31/35 MP: 4/8
  1984 | D:1      | Learned a level 4 spell: Airstrike
  2517 | D:2      | Reached XP level 5. HP: 39/41 MP: 0/10
  3058 | D:2      | Found a basalt altar of Yredelemnul.
  3228 | D:2      | Found a glowing golden altar of the Shining One.
  4426 | D:4      | Found a blossoming altar of Fedhas.
  4575 | D:4      | Reached XP level 6. HP: 50/50 MP: 5/11
  4663 | D:4      | Reached skill level 5 in Air Magic
  5298 | D:5      | Entered Level 5 of the Dungeon
  5621 | D:5      | Found a glowing silver altar of Zin.
  5712 | D:5      | Your scales start taking on a dull iron-grey colour.
  5712 | D:5      | Reached XP level 7. HP: 35/57 MP: 1/13
  5712 | D:5      | Gained mutation: You can survive without breathing. [Grey
                  | Draconian growth]
  5743 | D:5      | Killed from afar by an orc wizard

Illustrated notes

Levels and vault maps discovered:
D:1:      dpeg_arrival_court, layout_basic, hangedman_glass_teeth
D:2:      cheibrodos_helix_gallery, layout_basic,
          yredelemnul_forgotten_temple_becter, tso_oasis_becter,
          minmay_door_square
D:3:      layout_loops_corners, first_ration, kennysheep_generic_room_6
D:4:      layout_basic, fedhas_ov_isle_minmay
D:5:      layout_loops_ring, nicolae_overflow_crystal_walls, uniq_ijyb

Skill      XL: |  1  2  3  4  5  6 |
---------------+-------------------+-----
Fighting       | 1 2 3 |  3.3
Spellcasting   | 3 4 |  4.7
Air Magic      | 4 4 |  4.7
Dodging        | |  1.7
Stealth        | |  1.7
Conjurations   | |  1.0

Action                   |  1- 3 |  4- 6 |  7- 9 || total
-------------------------+-------+-------+-------++-------
Melee: Whip              |     8 |    24 |    18 ||    50
       Tailslap          |     1 |     4 |     5 ||    10
 Cast: Shock             |    73 |   189 |     6 ||   268
  Eat: Ration            |     1 |     4 |       ||     5
Armor: Skin              |     4 |    21 |    25 ||    50
Dodge: Dodged            |    13 |    57 |    32 ||   102

Table legend:
 A = Non-vault XP
 B = Vault XP
 C = Vault XP percentage of total XP
 D = Non-vault monster count
 E = Vault monster count
 F = Vault count percentage of total count
                 A         B        C        D         E       F
            +---------+---------+-------+---------+---------+-------
      Total |     808 |      10 |   1.2 |      99 |       5 |   4.8
            +---------+---------+-------+---------+---------+-------
        D:1 |      88 |       0 |   0.0 |      30 |       0 |   0.0
        D:2 |     149 |       5 |   3.2 |      34 |       3 |   8.1
        D:3 |      18 |       5 |  21.7 |       8 |       2 |  20.0
        D:4 |     291 |       0 |   0.0 |      14 |       0 |   0.0
        D:5 |     262 |       0 |   0.0 |      13 |       0 |   0.0
            +---------+---------+-------+---------+---------+-------
